 Dungeon Sprint DCSS version 0.31.0-9-g3a7656b989 (webtiles) character file.

Game seed: 10246409315631609572

18296 Heoruswealwe the Phalangite (level 12, -2/127 (130) HPs)
             Began as a Minotaur Fighter on Feb 2, 2024.
             Was an Initiate of Gozag.
             Slain by a boulder beetle (9 damage)
             ... in the Dungeon (Sprint IX: "|||||||||||||||||||||||||||||").
             The game lasted 00:14:16 (2629 turns).

Heoruswealwe the Phalangite (Minotaur Fighter)      Turns: 2629, Time: 00:14:17

HP:   -2/127 (130)  AC: 26    Str: 27    XL:     12   Next: 26%
MP:   11/11         EV:  8    Int:  5    God:    Gozag
Gold: 1268          SH:  0    Dex:  9    Spells: 11/11 levels left

rFire   . . .        b - +2 halberd (venom)
rCold   . . .        (shield currently unavailable)
rNeg    . . .        c - +0 plate armour
rPois   .            (helmet restricted)
rElec   .            h - +0 cloak
rCorr   .            (no gloves)
SInv    .            e - +0 pair of boots
Will    .....        (no amulet) Stlth
                     k - +2 ring of protection
HPRegen 0.41/turn    j - +2 ring of protection
MPRegen 0.12/turn

%: no teleportation
@: gold aura, lightly drained
A: horns 2, retaliatory headbutt
a: Renounce Religion, Potion Petition, Call Merchant, Bribe Branch


You were in the Dungeon.
You worshipped Gozag.
Gozag was most pleased with you.
You visited 1 branch You collected 7974 gold pieces.
You spent 1228 gold pieces at shops.
You paid 5478 gold pieces to Gozag.

Inventory:

Hand Weapons
 a - a +0 trident
 b - a +2 halberd of venom (weapon)
Armour
 c - a +0 plate armour (worn)
 d - a +0 buckler
 e - a +0 pair of boots (worn)
 h - a +0 cloak (worn)
Jewellery
 j - a +2 ring of protection (right hand)
 k - a +2 ring of protection (left hand)
 v - a ring of protection from fire
 w - a ring of ice
 x - a ring of see invisible
 y - a ring of protection from fire
Wands
 m - a wand of light (10)
Scrolls
 n - 4 scrolls of blinking
 p - a scroll of brand weapon
 q - 6 scrolls of enchant weapon
 r - 6 scrolls of identify
 t - 2 scrolls of silence
 u - 5 scrolls of enchant armour
Potions
 f - 4 potions of heal wounds
 g - a potion of haste
 i - 8 potions of curing
 l - 6 potions of might
 o - 6 potions of mutation
 s - a potion of ambrosia
 z - a potion of berserk rage


   Skills:
 + Level 19.2 Fighting
 * Level 25.7 Polearms
 + Level 19.1 Armour
 - Level 3.6 Shields


You had 11 spell levels left.
You didn't know any spells.
Your spell library was empty.

Dungeon Overview and Level Annotations

Branches:
Dungeon (1/1)

Altars:
Cheibriados
Dithmenos
Elyvilon
Fedhas
Gozag
Hepliaklqana
Kikubaaqudgha
Makhleb
Nemelex Xobeh
Okawaru
Qazlal
Ru
Sif Muna
Trog
Uskayaw
Vehumet
Wu Jian
Xom
Yredelemnul
Zin
The Shining One
Jiyva
Lugonu

Shops:
D ?(((?![([


Innate Abilities, Weirdness & Mutations

You have a pair of horns on your head.
You reflexively headbutt those who attack you in melee.


Message History

You headbutt the purple very ugly thing, but do no damage.
The purple very ugly thing is almost dead.
You hit the purple very ugly thing but do no damage.
The purple very ugly thing looks as sick as possible!
The purple very ugly thing is almost dead.
The purple very ugly thing tentacle-slaps you but does no damage.
You closely miss the purple very ugly thing.
Your headbutt misses the purple very ugly thing.
The purple very ugly thing is almost dead.
The red very ugly thing is distracted by your dazzling golden aura.
The boulder beetle curls into a ball and begins rolling!
The purple very ugly thing closely misses you.
You furiously retaliate!
You headbutt the purple very ugly thing!
You kill the purple very ugly thing!
You puncture something!
Something touches you but does no damage.
You puncture something! You headbutt something.
Something touches you but does no damage.
You miss something.
Something touches you but does no damage.
You completely miss something. You headbutt something.
The boulder beetle hits you!
* * * LOW HITPOINT WARNING * * *
The boulder beetle stops rolling and uncurls.
Something touches you.
* * * LOW HITPOINT WARNING * * *
You feel drained.
You slice something!! The boulder beetle bites you.
* * * LOW HITPOINT WARNING * * *
Something touches you.
* * * LOW HITPOINT WARNING * * *
You feel drained.
You hit something but do no damage.
The red very ugly thing is no longer distracted by gold.
The centaur warrior is distracted by your dazzling golden aura.
Something touches you but does no damage.
The boulder beetle bites you!
You die...
Your body crumbles into a pile of gold.

▓.▓.▓.▓.▓.▓.▓
▓Q▓.▓∩▓.▓.▓.▓[▓
▓Q▓.▓.▓.▓.▓.▓'▓
▓.▓.▓∩▓.▓.▓.▓.▓
▓c▓.▓.▓.▓.▓.▓.▓
▓.▓.▓∩▓.▓.▓.▓.▓
▓u▓.▓.▓.▓.▓.▓.▓
▓$▓.▓∩▓.▓.▓.▓[▓
▓@▓.▓.▓.▓.▓.▓[▓
▓B▓.▓.▓.▓.▓.▓)▓
▓$▓.▓.▓.▓.▓.▓?▓
▓$▓.▓.▓.▓.▓.▓!▓
▓?▓.▓.▓.▓'▓.▓'▓
▓.▓.▓)▓.▓.▓.▓_▓
▓.▓.▓.▓.▓.▓.▓_▓
▓.▓.▓.▓.▓.▓.▓_▓
▓.▓.▓.▓.▓.▓.▓_▓


You could see a red very ugly thing, a boulder beetle, a tengu warrior, a
centaur warrior (unaware) and a tengu conjurer.

Vanquished Creatures
  A very ugly thing (D)
  2 hydras (D)
  2 centaur warriors (D)
  A death yak (D)
  A two-headed ogre (D)
  6 orc high priests (D)
  2 orc knights (D)
  2 deep elf pyromancers (D)
  3 ugly things (D)
  A cyclops (D)
  2 manticores (D)
  2 black mambas (D)
  3 cane toads (D)
  3 komodo dragons (D)
  2 polar bears (D)
  A slime creature (D)
  A wraith (D)
  A wyvern (D)
  A yak (D)
  2 basilisks (D)
  Grum (D)
  A steam dragon (D)
  3 water moccasins (D)
  9 orc warriors (D)
  6 black bears (D)
  2 centaurs (D)
  4 wolves (D)
  A gnoll sergeant (D)
  A bullfrog (D)
  A scorpion (D)
  13 orc priests (D)
  A sleepcap (D)
  3 orc wizards (D)
  A dart slug (D)
  8 orcs (D)
  A bat (D)
  A kobold (D)
  A ball python (D)
  A rat (D)
98 creatures vanquished.

Notes
Turn   | Place    | Note
-------+----------+-------------------------------------------
     0 | D        | Heoruswealwe the Minotaur Fighter began the quest for the
                  | Orb.
     0 | D        | Reached XP level 1. HP: 19/19 MP: 0/0
     8 | D        | Reached skill level 3 in Polearms
    14 | D        | Reached skill level 4 in Polearms
    20 | D        | Noticed a centaur
    20 | D        | Noticed a sleepcap
    20 | D        | Noticed a centaur
    20 | D        | Noticed a scorpion
    27 | D        | Killed a scorpion
    28 | D        | Reached skill level 5 in Fighting
    28 | D        | Reached skill level 6 in Polearms
    28 | D        | Reached skill level 5 in Armour
    28 | D        | Reached XP level 2. HP: 30/30 MP: 1/1
    28 | D        | Reached XP level 3. HP: 37/37 MP: 2/2
    31 | D        | Killed a centaur
    32 | D        | Reached skill level 8 in Polearms
    32 | D        | Reached XP level 4. HP: 44/47 MP: 3/3
    32 | D        | Reached XP level 5. HP: 49/52 MP: 4/4
    37 | D        | Reached skill level 9 in Polearms
    42 | D        | Killed a centaur
    43 | D        | Reached skill level 10 in Polearms
    58 | D        | Found a snail-covered altar of Cheibriados.
    58 | D        | Found a shadowy altar of Dithmenos.
    58 | D        | Found a white marble altar of Elyvilon.
    58 | D        | Found a blossoming altar of Fedhas.
    58 | D        | Found an opulent altar of Gozag.
    59 | D        | Found a hazy altar of Hepliaklqana.
    60 | D        | Found a viscous altar of Jiyva.
    61 | D        | Found an ancient bone altar of Kikubaaqudgha.
    62 | D        | Found a corrupted altar of Lugonu.
    63 | D        | Found a burning altar of Makhleb.
    64 | D        | Found a sparkling altar of Nemelex Xobeh.
    65 | D        | Found an iron altar of Okawaru.
    66 | D        | Became a worshipper of Gozag Ym Sagoz the Greedy
    67 | D        | Found a stormy altar of Qazlal.
    68 | D        | Found a sacrificial altar of Ru.
    69 | D        | Found a shimmering blue altar of Sif Muna.
    70 | D        | Found a bloodstained altar of Trog.
    71 | D        | Found a hide-covered altar of Uskayaw.
    72 | D        | Found a radiant altar of Vehumet.
    73 | D        | Found an ornate altar of the Wu Jian Council.
    74 | D        | Found a shimmering altar of Xom.
    75 | D        | Found a basalt altar of Yredelemnul.
    76 | D        | Found a glowing silver altar of Zin.
    77 | D        | Found a glowing golden altar of the Shining One.
   183 | D        | Noticed an orc warrior
   183 | D        | Noticed a wraith
   183 | D        | Noticed a two-headed ogre
   183 | D        | Noticed a wyvern
   189 | D        | Reached skill level 11 in Polearms
   189 | D        | Reached XP level 6. HP: 52/62 MP: 5/5
   191 | D        | Killed a wyvern
   192 | D        | Reached skill level 12 in Polearms
   198 | D        | Killed a two-headed ogre
   199 | D        | Reached skill level 14 in Polearms
   199 | D        | Reached XP level 7. HP: 30/74 MP: 6/6
   199 | D        | Reached XP level 8. HP: 33/82 MP: 7/7
   205 | D        | Reached skill level 15 in Polearms
   391 | D        | Noticed a cyclops
   391 | D        | Noticed a slime creature
   391 | D        | Noticed a brown ugly thing
   391 | D        | Noticed a centaur warrior
   391 | D        | Noticed a centaur warrior
   391 | D        | Noticed a deep elf pyromancer
   396 | D        | Killed a deep elf pyromancer
   397 | D        | Reached skill level 16 in Polearms
   402 | D        | Killed a centaur warrior
   403 | D        | Reached skill level 17 in Polearms
   403 | D        | Reached XP level 9. HP: 82/93 MP: 8/8
   411 | D        | Killed a centaur warrior
   412 | D        | Reached skill level 18 in Polearms
   419 | D        | Killed a brown ugly thing
   429 | D        | Killed a cyclops
   430 | D        | Reached skill level 19 in Polearms
   595 | D        | Noticed a komodo dragon
   595 | D        | Noticed a komodo dragon
   596 | D        | Noticed an eight-headed hydra
   599 | D        | Killed a komodo dragon
   600 | D        | Reached XP level 10. HP: 88/104 MP: 9/9
   606 | D        | Noticed a cane toad
   739 | D        | Noticed a cane toad
   743 | D        | Killed a 14-headed hydra
   744 | D        | Reached skill level 15 in Fighting
   744 | D        | Reached skill level 20 in Polearms
   744 | D        | Reached skill level 15 in Armour
   752 | D        | Killed a cane toad
   754 | D        | Killed a cane toad
   841 | D        | Noticed a cane toad
   841 | D        | Noticed a black mamba
   843 | D        | Noticed a black mamba
   843 | D        | Killed a black mamba
   844 | D        | Reached skill level 21 in Polearms
   849 | D        | Noticed a death yak
   875 | D        | Killed a death yak
   878 | D        | Killed a cane toad
   882 | D        | Killed a black mamba
   883 | D        | Reached skill level 22 in Polearms
   883 | D        | Reached XP level 11. HP: 83/115 MP: 10/10
  1185 | D        | Noticed an orc knight
  1193 | D        | Killed an orc knight
  1359 | D        | Noticed an orc high priest
  1383 | D        | Reached skill level 23 in Polearms
  1397 | D        | Killed an orc high priest
  1400 | D        | Noticed an orc high priest
  1407 | D        | Noticed an orc knight
  1411 | D        | Killed an orc high priest
  1423 | D        | Killed an orc knight
  1681 | D        | Found Reqapuxe's Armour Boutique.
  1681 | D        | Noticed an orc high priest
  1682 | D        | Noticed an orc high priest
  1684 | D        | Noticed an orc high priest
  1694 | D        | Noticed a sixfirhy
  1697 | D        | Killed an orc high priest
  1709 | D        | Noticed a sun demon
  1712 | D        | Killed an orc high priest
  1713 | D        | Reached skill level 24 in Polearms
  1717 | D        | Killed an orc high priest
  1975 | D        | Found Tir Yteqiar's Weapon Shop.
  1979 | D        | Found Dishre's Antique Armour Boutique.
  1981 | D        | Noticed an orc high priest
  1982 | D        | Found Nercham's Distillery.
  1993 | D        | Noticed a soul eater
  2001 | D        | Killed an orc high priest
  2376 | D        | Bought a potion of ambrosia for 96 gold pieces
  2376 | D        | Bought a potion of heal wounds for 60 gold pieces
  2376 | D        | Bought a potion of might for 48 gold pieces
  2376 | D        | Bought a potion of curing for 36 gold pieces
  2376 | D        | Bought a potion of might for 48 gold pieces
  2376 | D        | Bought a potion of curing for 36 gold pieces
  2376 | D        | Bought a potion of mutation for 96 gold pieces
  2376 | D        | Bought a potion of mutation for 96 gold pieces
  2376 | D        | Bought a potion of mutation for 96 gold pieces
  2379 | D        | Bought a scroll of identify for 28 gold pieces
  2379 | D        | Bought a scroll of silence for 133 gold pieces
  2379 | D        | Bought a scroll of enchant armour for 105 gold pieces
  2379 | D        | Bought a scroll of identify for 28 gold pieces
  2379 | D        | Bought a scroll of silence for 133 gold pieces
  2379 | D        | Bought a scroll of blinking for 105 gold pieces
  2379 | D        | Bought a scroll of identify for 28 gold pieces
  2379 | D        | Bought a scroll of identify for 28 gold pieces
  2379 | D        | Bought a scroll of identify for 28 gold pieces
  2438 | D        | Noticed Grum
  2446 | D        | Killed Grum
  2580 | D        | Noticed a four-headed hydra
  2580 | D        | Noticed a boulder beetle
  2580 | D        | Noticed a cyan ugly thing
  2580 | D        | Noticed a white ugly thing
  2585 | D        | Killed a white ugly thing
  2586 | D        | Reached XP level 12. HP: 105/128 MP: 11/11
  2592 | D        | Noticed a centaur warrior
  2595 | D        | Reached skill level 25 in Polearms
  2599 | D        | Noticed a purple very ugly thing
  2604 | D        | Noticed a lich
  2606 | D        | Noticed a red very ugly thing
  2614 | D        | Noticed a vampire mage
  2616 | D        | Killed a ten-headed hydra
  2617 | D        | Noticed a tengu warrior
  2623 | D        | Killed a purple very ugly thing
  2629 | D        | Slain by a boulder beetle

Illustrated notes

Levels and vault maps discovered:
D:        linesprint [early_d, line_temple, items_1, d_10, items_2, lair_1,
          lair_end, items_3, orc_1, orc_end, items_4, d_15, swamp_1, shoals_1,
          snake_1, spider_1, d_20, vaults_1, items_5, swamp_end, shoals_end,
          snake_end, spider_end, vaults_end, d_27, items_6, zot_1, zot_end,
          crypt_end, forest_end, elf_end, slime_end, tomb_end, abyss_end,
          pan_hell_end]

Skill      XL: |  1  2  3  4  5  6  7  8  9 10 11 12 |
---------------+-------------------------------------+-----
Polearms       | 6 8 11 14 17 19 22 24 25 | 25.7
Fighting       | 5 7 8 11 13 14 16 18 19 | 19.2
Armour         | 5 7 8 11 13 14 16 18 19 | 19.1
Shields        | |  3.6

Action                     |  1- 3 |  4- 6 |  7- 9 | 10-12 || total
---------------------------+-------+-------+-------+-------++-------
  Melee: Trident           |    21 |    12 |       |       ||    33
         Headbutt          |     3 |     4 |    11 |    66 ||    84
         Halberd           |       |    13 |    57 |   262 ||   332
 Invoke: Call Merchant     |       |       |       |     5 ||     5
    Use: Potion            |       |     1 |       |     2 ||     3
   Stab: Distracted        |       |       |       |     1 ||     1
 Armour: Scale mail        |    16 |    19 |    14 |       ||    49
         Plate armour      |       |       |    35 |   188 ||   223
  Dodge: Dodged            |    10 |     6 |     9 |    50 ||    75
  Block: Buckler           |     2 |     3 |       |       ||     5
